 Dungeon Crawl Stone Soup version 0.27.1 (webtiles) character file.

Game seed: 7702513729119034733

109 Romesagentofchaos the Covert (level 4, -5/23 HPs)
             Began as a Spriggan Brigand on Aug 23, 2021.
             Was a Follower of Sif Muna.
             Slain by a gnoll (10 damage)
             ... on level 3 of the Dungeon.
             The game lasted 00:14:31 (1890 turns).

Romesagentofchaos the Covert (Spriggan Brigand)     Turns: 1890, Time: 00:14:32

Health: -5/23      AC:  3    Str:  7      XL:     4   Next: 60%
Magic:  3/5        EV: 16    Int: 11 (12) God:    Sif Muna [*.....]
Gold:   146        SH:  0    Dex: 15 (17) Spells: 2/3 levels left

rFire    . . .     SeeInvis +   a - +2 dagger (vorpal)
rCold    . . .     Faith    +   (shield restricted)
rNeg     . . .     Spirit   .   b - +0 robe
rPois    .         Reflect  .   (helmet restricted)
rElec    .         Harm     .   c - +0 cloak
rCorr    .         Rampage  .   (gloves unavailable)
Will     .....                  (boots unavailable)
Stlth    ++++......             f - amulet of faith
HPRegen  0.07/turn              (no ring)
MPRegen  0.09/turn              (no ring)

@: studying Short Blades, very quick
A: very small, no large weapons, unfitting armour, see invisible, speed 3
a: Renounce Religion, Channel Magic


You were on level 3 of the Dungeon.
You worshipped Sif Muna.
Sif Muna was aware of your devotion.
You visited 1 branch of the dungeon, and saw 3 of its levels.

You collected 146 gold pieces.

Inventory:

Hand Weapons
 a - a +2 vorpal dagger (weapon)
Missiles
 d - 2 poisoned darts (quivered)
 e - 2 curare-tipped darts
Armour
 b - a +0 robe (worn)
 c - a +0 cloak (worn)
Jewellery
 f - an amulet of faith (around neck)
Scrolls
 g - 2 scrolls of teleportation


   Skills:
 + Level 1.8 Fighting
 + Level 3.5 Short Blades
 + Level 2.1 Throwing
 + Level 1.7 Dodging
 + Level 8.3 Stealth


You had 2 spell levels left.
You knew the following spells:

 Your Spells              Type           Power      Damage    Failure   Level
a - Magic Dart            Conj           0%         1d3       34%         1

Your spell library contained the following spells:

 Spells                   Type           Power      Damage    Failure   Level
 Searing Ray              Conj           0%         3d3       47%         2
 Fulminant Prism          Conj/Hex       0%         3d6       98%         4


Dungeon Overview and Level Annotations

Branches:
Dungeon (3/15)

Altars:
Sif Muna


Innate Abilities, Weirdness & Mutations

You are very small and have problems with some larger weapons.
You are too small for most types of armour.
You have supernaturally acute eyesight. (SInv)
You cover ground extremely quickly. (Speed+++)


Message History

The gnoll is severely wounded.
The gnoll completely misses you.
Casting: Magic Dart (safe; 36% risk of failure)
Confirm with . or Enter, or press ? or * to list all spells.
Aiming: Magic Dart (safe; 36% risk of failure)
Press: ? - help, Shift-Dir - straight line, f/p - gnoll
Aim: a gnoll, wielding a +0 spear and quivering stones (almost dead, very poisoned, 100% to hit)
The magic dart hits the gnoll.
The gnoll is almost dead.
You kill the gnoll!
Sif Muna accepts your kill.
Your Stealth skill increases to level 8!
The gnoll hits you with a +0 spear.
The gnoll shouts!
You hit the gnoll.
The gnoll is moderately wounded.
The gnoll completely misses you.
You hit the gnoll.
The gnoll is moderately wounded.
The gnoll hits you with a +0 spear.
* * * LOW HITPOINT WARNING * * *
You closely miss the gnoll.
The gnoll is moderately wounded.
You hit the gnoll.
The gnoll is heavily wounded.
The gnoll closely misses you.
You hit the gnoll.
The gnoll is severely wounded.
The gnoll closely misses you. x2
You hit the gnoll.
The gnoll is almost dead.
The gnoll closely misses you. x2
You hit the gnoll.
You kill the gnoll!
Sif Muna accepts your kill.
You feel your intelligence returning.
You hit the gnoll.
The gnoll is heavily wounded.
The gnoll hits you from afar with a +0 halberd!
You die...

##### #####...#
........# #####
#...# #...#####
##...
#.#.....########.##
#...###.......##.##
##@## #######.#...#
#g# ##......
g..gg(g(# ##.......
##.#.#.##
........... .. ..
#.###....... #. .#.
##...... # ....
#.#..)# ## ##
#.###.. #.##...


You could see 2 gnolls.

Vanquished Creatures
  4 adders
  2 gnolls (D:3)
  A worm (D:2)
  A dart slug (D:2)
  An orc (D:3)
  7 endoplasms
  3 goblins
  2 hobgoblins (D:1)
  2 jackals (D:1)
  5 quokkas
  7 ball pythons
  2 bats (D:1)
  2 frilled lizards (D:1)
  5 kobolds
  4 rats
48 creatures vanquished.

Notes
Turn   | Place    | Note
-------+----------+-------------------------------------------
     0 | D:1      | Romesagentofchaos the Spriggan Brigand began the quest for
                  | the Orb.
     0 | D:1      | Reached XP level 1. HP: 10/10 MP: 2/2
    31 | D:1      | Reached skill level 6 in Stealth
   207 | D:1      | Reached XP level 2. HP: 15/15 MP: 3/3
   769 | D:1      | Reached skill level 7 in Stealth
   886 | D:1      | Reached XP level 3. HP: 18/18 MP: 4/4
   903 | D:1      | Learned a level 1 spell: Magic Dart
  1107 | D:2      | Noticed an eye of devastation
  1110 | D:2      | Found a faded altar of an unknown god.
  1113 | D:2      | Noticed a golden eye
  1113 | D:2      | Noticed a golden eye
  1113 | D:2      | Noticed an eye of devastation
  1118 | D:2      | Became a worshipper of Sif Muna the Loreminder
  1118 | D:2      | Reached * piety under Sif Muna
  1692 | D:3      | Reached XP level 4. HP: 20/23 MP: 5/5
  1882 | D:3      | Reached skill level 8 in Stealth
  1890 | D:3      | Slain by a gnoll

Illustrated notes

Levels and vault maps discovered:
D:1:      minmay_arrival_shattered_statue, layout_loops_ring,
          hangedman_abyss_or_decor_stabs
D:2:      layout_loops_ring, hellmonk_ecumenical_altar_watching_god
D:3:      layout_loops_ring

Skill      XL: |  1  2  3  4 |
---------------+-------------+-----
Stealth        | 6 7 8 |  8.3
Short Blades   | 3 |  3.5
Fighting       | |  1.8
Throwing       | |  2.1
Dodging        | |  1.7

Action                   |  1- 3 |  4- 6 || total
-------------------------+-------+-------++-------
Melee: Dagger            |    84 |    24 ||   108
Throw: Dart              |    11 |     6 ||    17
 Cast: Magic Dart        |       |     2 ||     2
  Use: Scroll            |     5 |       ||     5
       Potion            |     2 |       ||     2
 Stab: Sleeping          |    20 |     1 ||    21
       Distracted        |     1 |       ||     1
Armor: Robe              |     8 |       ||     8
Dodge: Dodged            |    45 |    20 ||    65
